 Dungeon Crawl Stone Soup version 0.21.0-3-g78d12a8 (webtiles) character file.

463 HungrySpirit the Slasher (level 7, 0/37 HPs)
             Began as a Vine Stalker Arcane Marksman on Jan 9, 2018.
             Killed by divine providence
             ... invoked by an orc priest
              (7 damage)
             ... on level 5 of the Dungeon.
             The game lasted 00:04:22 (3303 turns).

HungrySpirit the Slasher (VSAM)                     Turns: 3303, Time: 00:04:23

Health: 0/37       AC: 14    Str: 14    XL:     7   Next: 7%
Magic:  0/9        EV: 11    Int: 13    God:
Gold:   214        SH:  0    Dex: 15    Spells: 5/8 levels left

rFire    . . .     SeeInvis .   r - +1 falchion (protect)
rCold    . . .     Gourm    .   (no shield)
rNeg     . . .     Faith    .   s - +0 ring mail
rPois    .         Spirit   +   z - +0 helmet
rElec    .         Reflect  .   t - +0 cloak
rCorr    .         Harm     .   (no gloves)
MR       .....                  (no boots)
Stlth    +.........             (no amulet)
HPRegen  0.52/turn              (no ring)
MPRegen  0.11/turn              (no ring)

@: protection aura
A: fangs 2, regeneration 1, magic shield, antimagic bite, no potion heal 3, rot
immunity
a: no special abilities


You were on level 5 of the Dungeon.
You were not hungry.

You visited 1 branch of the dungeon, and saw 5 of its levels.

You collected 214 gold pieces.

Inventory:

Hand Weapons
 a - a +0 hand crossbow
 h - a +0 dagger
 r - a +1 falchion of protection (weapon)
Missiles
 d - 15 bolts
Armour
 s - a +0 ring mail (worn)
 t - a +0 cloak (worn)
 z - a +0 helmet (worn)
Jewellery
 e - an uncursed ring of wizardry {unknown}
Wands
 q - a wand of polymorph (21)
 B - a wand of iceblast (6)
Scrolls
 j - a scroll of amnesia {unknown}
 l - 4 scrolls of identify {unknown}
 u - a scroll of random uselessness {unknown}
 v - 2 scrolls of enchant armour {unknown}
 x - a scroll of immolation {unknown}
 y - 2 scrolls of remove curse {unknown}
 C - a scroll of fear {unknown}
Potions
 b - a potion of heal wounds {unknown}
 g - 6 potions of curing {unknown}
 i - 3 potions of magic {unknown}
 k - a potion of flight {unknown}
 m - a potion of berserk rage {unknown}
 n - a potion of cancellation {unknown}
 o - 4 potions of degeneration {unknown}
 p - a potion of brilliance {unknown}
 w - a potion of might {unknown}
 A - a potion of haste {unknown}
Books
 c - a book of Debilitation

   Spells                             Type                      Level
   a - Corona                         Hexes                        1
   b - Slow                           Hexes                        2
   c - Inner Flame                    Hexes/Fire                   3
   d - Portal Projectile              Hexes/Translocation          3
   e - Cause Fear                     Hexes                        4
   f - Leda's Liquefaction            Hexes/Earth                  4
Comestibles
 f - 10 rations
 D - 6 chunks of flesh


   Skills:
 + Level 3.9 Fighting
 - Level 2.4(3.6) Short Blades
 * Level 4.1(4.5) Long Blades
 - Level 1.7 Crossbows
 - Level 1.5 Dodging
 - Level 1.1 Spellcasting
 - Level 3.0 Hexes


You had 5 spell levels left.
You knew the following spells:

 Your Spells              Type           Power        Failure   Level  Hunger
a - Corona                Hex            #......      17%         1    ##.....
b - Blink                 Tloc           N/A          65%         2    ###....


Dungeon Overview and Level Annotations

Branches:
Dungeon (5/15)
 Temple: D:4-7

Altars:
Cheibriados
Ru


Innate Abilities, Weirdness & Mutations

You have extremely sharp teeth.
Your natural rate of healing is unusually fast.
When hurt, damage is shared between your health and your magic reserves.
Your bite disrupts and absorbs the magic of your enemies.
Potions cannot restore your health.
You are immune to rotting.


Message History

The orc wizard blinks!
Unknown command.
You hit the orc priest but do no damage.
The orc priest is moderately wounded.
The orc throws a stone.
The stone hits you.
* * * LOW HITPOINT WARNING * * *
The orc priest hits you but does no damage.
Unknown command.
You hit the orc priest.
You bite the orc priest, but do no damage.
The orc priest is severely wounded.
The orc priest hits you with a short sword.
* * * LOW HITPOINT WARNING * * *
The orc throws a stone.
The stone hits you but does no damage.
Unknown command.
You hit the orc priest. Your bite misses the orc priest.
The orc priest is almost dead.
The orc priest mumbles some strange prayers to Beogh against you.
Beogh smites you!
You die...

#.# .# #.#
#.# #.# #.#
#.# #.# #.#
#####
#@###o....o
#o.ooO....<
###########


You could see an ogre, an orc priest, an orc wizard and an orc.

Vanquished Creatures
  A centaur (D:5)
  A scorpion (D:4)
  2 hounds (D:4)
  A jelly (D:5)
  A crimson imp (D:4)
  Crazy Yiuf (D:3)
  A bullfrog skeleton (D:4)
  Jessica (D:2)
  5 adders
  An adder skeleton (D:4)
  4 worms
  A dart slug (D:1)
  7 leopard geckos
  2 orcs
  3 bats (D:1)
  4 giant cockroaches
  6 goblins
  8 hobgoblins
  5 jackals (D:4)
  4 kobolds
  2 quokkas
  3 frilled lizards
  A jackal skeleton (D:5)
  5 rats
70 creatures vanquished.

Notes
Turn   | Place    | Note
-------+----------+-------------------------------------------
     0 | D:1      | HungrySpirit the Vine Stalker Arcane Marksman began the quest for the Orb.
     0 | D:1      | Reached XP level 1. HP: 9/9 MP: 3/3
    36 | D:1      | Reached skill level 1 in Fighting
    81 | D:1      | Reached XP level 2. HP: 10/15 MP: 4/4
   300 | D:1      | Reached skill level 1 in Short Blades
   505 | D:1      | Reached XP level 3. HP: 15/18 MP: 3/5
   810 | D:2      | Noticed Jessica
   814 | D:2      | Killed Jessica
   959 | D:2      | Gained mutation: Your natural rate of healing is unusually fast. [Vine Stalker growth]
   959 | D:2      | Reached XP level 4. HP: 23/23 MP: 6/6
  1545 | D:2      | Reached skill level 1 in Long Blades
  1556 | D:2      | Found a sacrificial altar of Ru.
  1806 | D:3      | Found a runed door.
  1846 | D:3      | Noticed Crazy Yiuf
  1860 | D:3      | Killed Crazy Yiuf
  1860 | D:3      | Reached XP level 5. HP: 28/28 MP: 7/7
  2277 | D:4      | Reached skill level 2 in Long Blades
  2461 | D:4      | Reached XP level 6. HP: 32/32 MP: 8/8
  2564 | D:4      | Reached skill level 3 in Long Blades
  3012 | D:5      | Entered Level 5 of the Dungeon
  3027 | D:5      | Found a snail-covered altar of Cheibriados.
  3038 | D:5      | Learned a level 2 spell: Blink
  3209 | D:5      | Reached skill level 4 in Long Blades
  3209 | D:5      | Reached XP level 7. HP: 13/37 MP: 9/9
  3303 | D:5      | Killed from afar by an orc priest

Skill      XL: |  1  2  3  4  5  6 |
---------------+-------------------+-----
Fighting       | 1 2 3 |  3.9
Short Blades   | 1 2 |  2.4
Long Blades    | 1 2 4 |  4.1
Crossbows      | |  1.7
Dodging        | |  1.5
Spellcasting   | |  1.1
Hexes          | |  3.0

Action                   |  1- 3 |  4- 6 |  7- 9 || total
-------------------------+-------+-------+-------++-------
Melee: Falchion          |       |     4 |    14 ||    18
       Bite              |       |     2 |     3 ||     5
 Fire: Hand crossbow     |    59 |   159 |       ||   218
  Eat: Chunk             |       |     7 |       ||     7
Armor: Robe              |     4 |       |       ||     4
       Ring mail         |       |    48 |     5 ||    53
Dodge: Dodged            |     9 |    72 |     5 ||    86
